 Dungeon Crawl Stone Soup version 0.21.1-1-g345015f (webtiles) character file.

93 sking99 the Ruffian (level 4, 0/44 HPs)
             Began as a Troll Fighter on June 14, 2018.
             Killed from afar by Ramesses's ghost (1 damage)
             ... with a sting
             ... on level 3 of the Dungeon.
             The game lasted 00:08:55 (2050 turns).

sking99 the Ruffian (Troll Fighter)                 Turns: 2050, Time: 00:08:56

Health: 0/44       AC:  5    Str: 25    XL:     4   Next: 37%
Magic:  3/3        EV: 14    Int:  4    God:
Gold:   159        SH:  9    Dex: 14    Spells: 3/3 levels left

rFire    . . .     SeeInvis .     - Unarmed
rCold    . . .     Gourm    +   b - +0 shield
rNeg     . . .     Faith    .   a - +0 robe
rPois    .         Spirit   .   (helmet restricted)
rElec    .         Reflect  .   (no cloak)
rCorr    .         Harm     .   (gloves unavailable)
MR       .....                  (boots unavailable)
Stlth    ++........             (no amulet)
HPRegen  0.54/turn              (no ring)
MPRegen  0.08/turn              (no ring)

@: agile, lethally poisoned (0 -> -5), drained
A: large, unfitting armour, claws 3, fast metabolism 3, gourmand, regeneration
1, shaggy fur 1, tough skin 2
a: no special abilities


You were on level 3 of the Dungeon.
You were very hungry.

You visited 1 branch of the dungeon, and saw 3 of its levels.

You collected 159 gold pieces.

Inventory:

Armour
 a - a +0 robe (worn)
 b - a +0 shield (worn)
Scrolls
 e - a scroll of amnesia {unknown}
 g - 6 scrolls of identify {unknown}
 h - 2 scrolls of teleportation {unknown}
 i - a scroll of remove curse {unknown}
 n - a scroll of blinking {unknown}
 p - a scroll of noise {unknown}
Potions
 c - a potion of might
 f - a potion of agility
 j - 2 potions of haste {unknown}
 k - a potion of brilliance {unknown}
 l - a potion of flight {unknown}
 m - a potion of lignification {unknown}
 o - 2 potions of curing {unknown}
Comestibles
 d - 4 rations


   Skills:
 + Level 2.7(2.5) Fighting
 + Level 2.8(2.6) Dodging
 + Level 3.0(2.7) Shields
 * Level 3.4(3.1) Unarmed Combat


You had 3 spell levels left.
You didn't know any spells.

Dungeon Overview and Level Annotations

Branches:
Dungeon (3/15)

Altars:
Cheibriados
Nemelex Xobeh

Annotations:
D:3 Ramesses's ghost, amateur MfVM


Innate Abilities, Weirdness & Mutations

You are too large for most types of armour.
You have claws for hands.
Your metabolism is lightning-fast.
You like to eat raw meat.
Your natural rate of healing is unusually fast.
You are covered in fur. (AC +1)
You have very tough skin. (AC +2)


Message History

You feel sick.
Ramesses's ghost gestures at you while chanting.
The sting hits you!
You are lethally poisoned!
* * * LOW HITPOINT WARNING * * *
You feel sick.
* * * LOW HITPOINT WARNING * * *
You feel sick.
* * * LOW HITPOINT WARNING * * *
You feel sick.
* * * LOW HITPOINT WARNING * * *
You feel sick.
* * * LOW HITPOINT WARNING * * *
You feel sick.
* * * LOW HITPOINT WARNING * * *
You feel sick. Ramesses's ghost casts a spell at you. The sting hits you!
You are more poisoned.
You die...

#.# #.# #.# ##### #.###...##
#.#....... #.#....._.
########################.........
...........oW...@.......>....8...
#######################†#........
#.((†..._..... ##.#.......... #
## ### #.#.......... # #. ..#
#.#....#.#... # #.
#.########.######.#... #
#.##.#...............#.## #
#.##.#..........######..


You could see Ramesses's ghost and an orc.

Vanquished Creatures
  A hound (D:3)
  2 adders (D:2)
  An ooze (D:2)
  A dart slug (D:1)
  2 leopard geckos
  An orc (D:3)
  6 bats
  2 giant cockroaches
  2 goblins (D:3)
  5 hobgoblins
  4 jackals (D:1)
  3 kobolds
  2 frilled lizards
  2 rats (D:2)
34 creatures vanquished.

Notes
Turn   | Place    | Note
-------+----------+-------------------------------------------
     0 | D:1      | sking99 the Troll Fighter began the quest for the Orb.
     0 | D:1      | Reached XP level 1. HP: 22/22 MP: 0/0
   117 | D:1      | Reached XP level 2. HP: 29/29 MP: 1/1
  1335 | D:2      | Reached XP level 3. HP: 36/36 MP: 2/2
  1927 | D:3      | Found a snail-covered altar of Cheibriados.
  1937 | D:3      | Reached XP level 4. HP: 31/44 MP: 3/3
  1951 | D:3      | Found a sparkling altar of Nemelex Xobeh.
  2009 | D:3      | Noticed Ramesses's ghost (amateur MfVM)
  2047 | D:3      | HP: 2/44 [poisoned by Ramesses's ghost (sting)]
  2050 | D:3      | Killed from afar by Ramesses's ghost

Skill      XL: |  1  2  3 |
---------------+----------+-----
Shields        | 3 |  3.0
Unarmed Combat | 3 |  3.4
Fighting       | |  2.7
Dodging        | |  2.8

Action                   |  1- 3 |  4- 6 || total
-------------------------+-------+-------++-------
Melee: Unarmed           |    95 |    25 ||   120
  Use: Potion            |       |     1 ||     1
  Eat: Chunk             |     8 |       ||     8
       Ration            |     2 |       ||     2
Armor: Robe              |    43 |    13 ||    56
Dodge: Dodged            |    37 |    16 ||    53
Block: Shield            |    54 |    13 ||    67
